 Dungeon Crawl Stone Soup version 0.22-a0-799-g88f5e90 (webtiles) character file.

12 Amnesiac the Magician (level 2, -2/19 HPs)
             Began as a Mummy Earth Elementalist on July 21, 2018.
             Slain by a jackal (3 damage)
             ... on level 2 of the Dungeon.
             The game lasted 00:01:00 (243 turns).

Amnesiac the Magician (Mummy Earth Elementalist)     Turns: 243, Time: 00:01:01

Health: -2/19      AC:  2    Str: 11    XL:     2   Next: 20%
Magic:  0/6        EV: 12    Int: 14    God:
Gold:   7          SH:  0    Dex: 12    Spells: 6/7 levels left

rFire    x . .     SeeInvis .   (no weapon)
rCold    + . .     Gourm    .   (no shield)
rNeg     + + +     Faith    .   c - +0 robe
rPois    ∞         Spirit   .   (no helmet)
rElec    .         Reflect  .   (no cloak)
rCorr    .         Harm     +   (no gloves)
MR       .....                  (no boots)
Stlth    ++........             d - amulet of harm
HPRegen  0.06/turn              (no ring)
MPRegen  0.10/turn              (no ring)

@: no status effects
A: no food or potions, fire vulnerability, cold resistance 1, negative energy
resistance 3, torment resistance, unbreathing
a: no special abilities


You were on level 2 of the Dungeon.
You were not hungry.

You visited 1 branch of the dungeon, and saw 3 of its levels.

You collected 7 gold pieces.

Inventory:

Missiles
 b - 19 stones (quivered)
Armour
 c - a +0 robe (worn)
Jewellery
 d - an amulet of harm (around neck)
Scrolls
 a - a scroll of teleportation {!r, unknown}
 e - a scroll of amnesia {!r, unknown}


   Skills:
 - Level 1.5 Dodging
 - Level 1.5 Stealth
 + Level 3.0 Spellcasting
   Level 0.7 Transmutations
 * Level 2.9 Earth Magic


You had 6 spell levels left.
You knew the following spells:

 Your Spells              Type           Power        Failure   Level  Hunger
a - Sandblast             Erth           ##....       6%          1    N/A

Your spell library contained the following spells:

 Spells                   Type           Power        Failure   Level  Hunger
 Stone Arrow              Conj/Erth      #.....       34%         3    N/A
 Passwall                 Tmut/Erth      #.......     16%         2    N/A
 Lee's Rapid Deconstruct  Erth           ##........   87%         5    N/A
 Petrify                  Tmut/Erth      #.......     69%         4    N/A

Dungeon Overview and Level Annotations

Branches:
Dungeon (3/15)

Altars:


Innate Abilities, Weirdness & Mutations

You do not eat or drink.
Your flesh is vulnerable to fire.
You are immune to poison.
Your flesh is cold resistant. (rC+)
You are immune to negative energy. (rN+++)
You are immune to unholy pain and torment.
You can survive without breathing.


Message History

Aiming: Sandblast (safe; 7% risk of failure)
Press: ? - help, Shift-Dir - straight line, f - jackal
Aim: a jackal The blast of sand misses the jackal.
The blast of sand hits the ooze.
The ooze is almost dead.
b - 23 stones The jackal closely misses you.
Unknown command.
Casting: Sandblast (safe; 7% risk of failure)
Confirm with . or Enter, or press ? or * to list all spells.
Aiming: Sandblast (safe; 7% risk of failure)
Press: ? - help, Shift-Dir - straight line, f/p - jackal
Aim: a jackal The blast of sand hits the jackal.
You kill the jackal!
b - 22 stones
Casting: Sandblast (safe; 7% risk of failure)
Confirm with . or Enter, or press ? or * to list all spells.
Aiming: Sandblast (safe; 7% risk of failure)
Press: ? - help, Shift-Dir - straight line, f - ooze
Aim: an ooze (almost dead)
The blast of sand hits the ooze.
You kill the ooze!
Your Spellcasting skill increases to level 3!
You have reached level 2!
b - 21 stones
Casting: Sandblast (safe; 6% risk of failure)
Confirm with . or Enter, or press ? or * to list all spells.
Aiming: Sandblast (safe; 6% risk of failure)
Press: ? - help, Shift-Dir - straight line, f - jackal
Aim: a jackal The blast of sand hits the jackal.
The jackal is heavily wounded.
b - 20 stones A jackal comes into view.
Casting: Sandblast (safe; 6% risk of failure)
Confirm with . or Enter, or press ? or * to list all spells.
You don't have enough magic to cast that spell.
Casting: Sandblast (safe; 6% risk of failure)
Confirm with . or Enter, or press ? or * to list all spells.
You don't have enough magic to cast that spell.
The jackal barks!
The jackal closely misses you. The jackal bites you.
* * * LOW HITPOINT WARNING * * *
There is a stone staircase leading up here.
The jackal closely misses you.
You climb upwards.
There is a stone staircase leading down here.
Casting: Sandblast (safe; 6% risk of failure)
Confirm with . or Enter, or press ? or * to list all spells.
Aiming: Sandblast (safe; 6% risk of failure)
Press: ? - help, Shift-Dir - straight line, f - jackal
Aim: a jackal (heavily wounded)
The blast of sand hits the jackal.
The jackal is heavily wounded.
b - 19 stones The jackal bites you.
* * * LOW HITPOINT WARNING * * *
Unknown command.
You hit the jackal.
The jackal is almost dead.
The jackal bites you.
You die...

#.# ....... #
#.# ....... #.
##.##.......
.. ........#..
#.##.#.......
#†.......#.#
#..........#
#..#.#h.####..
#. #.#@.......
# #.########.
#.# #.# #.#
#..


You could see a jackal.

Vanquished Creatures
  An ooze (D:3)
  A bat (D:1)
  A goblin (D:2)
  2 hobgoblins (D:1)
  A jackal (D:3)
  A kobold (D:1)
7 creatures vanquished.

Notes
Turn   | Place    | Note
-------+----------+-------------------------------------------
     0 | D:1      | Amnesiac the Mummy Earth Elementalist began the quest for the Orb.
     0 | D:1      | Reached XP level 1. HP: 13/13 MP: 4/4
   234 | D:3      | Reached skill level 3 in Spellcasting
   234 | D:3      | Reached XP level 2. HP: 6/19 MP: 1/6
   243 | D:2      | Slain by a jackal

Vault maps used:
D:1:      grunt_arrival_crossed_arrows, minmay_heptomino_w4
D:2:      first_ration, uniq_crazy_yiuf_cottage
D:3:      lemuel_round_altar, chequers_ecumenical_altar_twisty, uniq_natasha

Skill      XL: |  1 |
---------------+----+-----
Spellcasting   | 3 |  3.0
Dodging        | |  1.5
Stealth        | |  1.5
Transmutations | |  0.7
Earth Magic    | |  2.9

Action                   || total
-------------------------++-------
Melee: Unarmed           ||     1
 Cast: Sandblast         ||    14
Armor: Robe              ||     1
Dodge: Dodged            ||     7

Table legend:
 A = Spawn XP
 B = Non-spawn XP
 C = Spawn XP percentage of total XP
 D = Spawn monster count
 E = Non-spawn monster count
 F = Spawn count percentage of total count
 G = Total turns spent on level
                    A         B        C        D         E        F      G
               +---------+---------+-------+---------+---------+-------+---------
         Total |       0 |      18 |   0.0 |       0 |       7 |   0.0 |   243
               +---------+---------+-------+---------+---------+-------+---------
           D:1 |       0 |       7 |   0.0 |       0 |       4 |   0.0 |   202
           D:2 |       0 |       2 |   0.0 |       0 |       1 |   0.0 |    10
           D:3 |       0 |       9 |   0.0 |       0 |       2 |   0.0 |    31
               +---------+---------+-------+---------+---------+-------+---------
